BSA
KANSAS CITY KINGS @ NEW ORLEANS LOOTERS
04/17/2030
 
TOP OF THE 1ST
Kansas City Kings batting - Pitching for New Orleans Looters : RHP Edward Baker
Pitching: RHP Edward Baker
Batting: SHB Douglas Taylor 0-0: Called Strike
0-1: Ball
1-1: Foul Ball, location: 2F
1-2: Ground out U3 (Groundball, 3)
Batting: RHB Dave Parker 0-0: Swinging Strike
0-1: Fly out, F7 (Flyball, 7S)
Batting: RHB Chris Chandler 0-0: Swinging Strike
0-1: Ball
1-1: Ball
2-1: Foul Ball, location: 2F
2-2: DOUBLE (Flyball, 8RXD)
Batting: LHB Ron Crawford 0-0: Ground out 6-3 (Groundball, 6)
Top of the 1st over - 0 runs, 1 hit, 0 errors, 1 left on base; Kansas City 0 - New Orleans 0
BOTTOM OF THE 1ST
New Orleans Looters batting - Pitching for Kansas City Kings : RHP Luis Vargas
Pitching: RHP Luis Vargas
Batting: LHB Miguel Colón 0-0: SINGLE (Line Drive, 7S)
Batting: RHB Rubén Vázquez 0-0: Ball
1-0: Called Strike
Miguel Colón steals 2nd base
1-1: Ball
2-1: SINGLE (Groundball, 3D)
Miguel Colón to third
Runner from 3rd tries for Home, SAFE, no throw
Batting: SHB Arturo Sánchez 0-0: Ball
1-0: Ball
Error on foul ball, E5
2-1: Foul Ball, location: 2F
2-2: Hit by Pitch
Rubén Vázquez to second
Batting: LHB Taylor Smith 0-0: Called Strike
0-1: Called Strike
0-2: Ball
1-2: Strikes out swinging
Batting: LHB Eduardo Rodríguez 0-0: Ground out 5-3 (Groundball, 56S)
Rubén Vázquez to third
Arturo Sánchez to second
Batting: RHB Dave O'Loan 0-0: Ball
1-0: Called Strike
1-1: Ball
2-1: SINGLE (Line Drive, 7S)
Rubén Vázquez scores
Arturo Sánchez to third
Runner from 3rd tries for Home, SAFE, no throw
Batting: RHB Ramón Hernández 0-0: Ball
1-0: Swinging Strike
1-1: Called Strike
1-2: Ground out 6-3 (Groundball, 6S)
Bottom of the 1st over - 3 runs, 3 hits, 1 error, 1 left on base; Kansas City 0 - New Orleans 3
TOP OF THE 2ND
Kansas City Kings batting - Pitching for New Orleans Looters : RHP Edward Baker
Batting: LHB Luis González 0-0: Called Strike
0-1: Fly out, F9 (Flyball, 9LSF)
Batting: RHB John Anderson 0-0: Ball
1-0: Called Strike
1-1: Ball
2-1: Ground out 3-1 (Groundball, 34S)
Batting: RHB Eric Fuller 0-0: Called Strike
0-1: Foul Ball, location: 2F
0-2: SINGLE (Flyball, 89M)
Batting: RHB Gregg Nelson 0-0: Ball
1-0: Foul Ball, location: 2F
1-1: Called Strike
1-2: Strikes out swinging
Top of the 2nd over - 0 runs, 1 hit, 0 errors, 1 left on base; Kansas City 0 - New Orleans 3
BOTTOM OF THE 2ND
New Orleans Looters batting - Pitching for Kansas City Kings : RHP Luis Vargas
Batting: RHB Dan Banks 0-0: Ball
1-0: Foul Ball, location: 2F
1-1: Foul Ball, location: 2F
1-2: Fly out, F9 (Flyball, 9LS)
Batting: RHB Run-ming Zhu 0-0: Ball
1-0: Ball
2-0: Fly out, F7 (Flyball, 7S)
Batting: LHB Miguel Colón 0-0: Called Strike
0-1: Ball
1-1: Called Strike
1-2: Ball
2-2: Ground out 4-3 (Groundball, 4)
Bottom of the 2nd over - 0 runs, 0 hits, 0 errors, 0 left on base; Kansas City 0 - New Orleans 3
TOP OF THE 3RD
Kansas City Kings batting - Pitching for New Orleans Looters : RHP Edward Baker
Batting: LHB Jesús Bueno 0-0: DOUBLE (Line Drive, 7LM)
Batting: SHB Douglas Taylor 0-0: Ball
1-0: Swinging Strike
1-1: Fly out, F8 (Flyball, 8LS)
Batting: RHB Dave Parker 0-0: Swinging Strike
0-1: Foul Ball, location: 2F
0-2: Ball
1-2: Foul Ball, location: 2F
1-2: Ball
2-2: Ball
3-2: Foul Ball, location: 2F
3-2: Strikes out looking
Batting: RHB Chris Chandler 0-0: Swinging Strike
0-1: Ball
1-1: SINGLE (Flyball, 89S)
Jesús Bueno to third
Runner from 3rd tries for Home, SAFE, throw made home
Batting: LHB Ron Crawford 0-0: Ball
1-0: Fly out, F8 (Flyball, 8LD)
Top of the 3rd over - 1 run, 2 hits, 0 errors, 1 left on base; Kansas City 1 - New Orleans 3
BOTTOM OF THE 3RD
New Orleans Looters batting - Pitching for Kansas City Kings : RHP Luis Vargas
Batting: RHB Rubén Vázquez 0-0: Ball
1-0: SINGLE (Line Drive, 89M)
Batting: SHB Arturo Sánchez 0-0: Called Strike
0-1: Called Strike
0-2: Ball
1-2: Ball
2-2: SINGLE (Groundball, 56D)
Rubén Vázquez to second
Batting: LHB Taylor Smith 0-0: Called Strike
0-1: Ball
1-1: Ball
2-1: Foul Ball, location: 2F
2-2: Strikes out swinging
Batting: LHB Eduardo Rodríguez 0-0: Ball
Rubén Vázquez steals 3rd base
Arturo Sánchez to second
1-0: Called Strike
1-1: Foul Ball, location: 2F
1-2: Foul Ball, location: 2F
1-2: SINGLE (Flyball, 8LS)
Rubén Vázquez scores
Arturo Sánchez to third
Batting: RHB Dave O'Loan 0-0: Ball
1-0: Fly out, F8 (Flyball, 89M)
Runner from 3rd tags up, SCORES, throw made
Batting: RHB Ramón Hernández 0-0: Swinging Strike
0-1: Ball
1-1: Ball
2-1: Fielders Choice at 2nd, 5-4 (Groundball, 5L)
Bottom of the 3rd over - 2 runs, 3 hits, 0 errors, 1 left on base; Kansas City 1 - New Orleans 5
TOP OF THE 4TH
Kansas City Kings batting - Pitching for New Orleans Looters : RHP Edward Baker
Batting: LHB Luis González 0-0: Ball
1-0: Ball
2-0: Swinging Strike
2-1: Called Strike
2-2: Strikes out swinging
Batting: RHB John Anderson 0-0: Ball
1-0: Fly out, F8 (Flyball, 8RM)
Batting: RHB Eric Fuller 0-0: Called Strike
0-1: Called Strike
0-2: SOLO HOME RUN (Flyball, 7D), Distance : 359 ft
Batting: RHB Gregg Nelson 0-0: Swinging Strike
0-1: SINGLE (Groundball, 34D)
Batting: LHB Jesús Bueno 0-0: Foul Ball, location: 2F
0-1: Foul Ball, location: 2F
0-2: Strikes out looking
Top of the 4th over - 1 run, 2 hits, 0 errors, 1 left on base; Kansas City 2 - New Orleans 5
BOTTOM OF THE 4TH
New Orleans Looters batting - Pitching for Kansas City Kings : RHP Luis Vargas
Batting: RHB Dan Banks 0-0: Ball
1-0: Ball
2-0: Called Strike
2-1: Ball
3-1: Foul Ball, location: 2F
3-2: Strikes out swinging
Batting: RHB Run-ming Zhu 0-0: Called Strike
0-1: Swinging Strike
0-2: Strikes out swinging
Batting: LHB Miguel Colón 0-0: Ground out 5-3 (Groundball, 5)
Bottom of the 4th over - 0 runs, 0 hits, 0 errors, 0 left on base; Kansas City 2 - New Orleans 5
TOP OF THE 5TH
Kansas City Kings batting - Pitching for New Orleans Looters : RHP Edward Baker
Batting: SHB Douglas Taylor 0-0: Foul Ball, location: 2F
0-1: Ball
1-1: Foul Ball, location: 2F
1-2: Ball
2-2: Strikes out looking
Batting: RHB Dave Parker 0-0: Ball
1-0: Ball
2-0: Foul Ball, location: 2F
2-1: Foul Ball, location: 2F
2-2: Strikes out swinging
Batting: RHB Chris Chandler 0-0: Ball
1-0: Foul Ball, location: 2F
1-1: Ball
2-1: Ground out 6-3 (Groundball, 6MS)
Top of the 5th over - 0 runs, 0 hits, 0 errors, 0 left on base; Kansas City 2 - New Orleans 5
BOTTOM OF THE 5TH
New Orleans Looters batting - Pitching for Kansas City Kings : RHP Luis Vargas
Batting: RHB Rubén Vázquez 0-0: Fly out, F4 (Popup, 13S)
Batting: SHB Arturo Sánchez 0-0: Ground out 1-3 (Groundball, 15S)
Batting: LHB Taylor Smith 0-0: Ball
1-0: Foul Ball, location: 2F
1-1: Ground out 6-3 (Groundball, 6M)
Bottom of the 5th over - 0 runs, 0 hits, 0 errors, 0 left on base; Kansas City 2 - New Orleans 5
TOP OF THE 6TH
Kansas City Kings batting - Pitching for New Orleans Looters : RHP Edward Baker
Batting: LHB Ron Crawford 0-0: Ball
1-0: Called Strike
1-1: Ball
2-1: Ball
3-1: SINGLE (Line Drive, 5)
Batting: LHB Luis González 0-0: Called Strike
0-1: Ball
1-1: Called Strike
1-2: Ball
2-2: Fielders Choice at 2nd, 6-4 (Groundball, 6)
Batting: RHB John Anderson 0-0: Ball
1-0: Foul Ball, location: 2F
1-1: Fly out, F8 (Flyball, 8RM)
Batting: RHB Eric Fuller 0-0: Ball
1-0: Foul Ball, location: 2F
1-1: Fly out, F3 (Popup, 34)
Top of the 6th over - 0 runs, 1 hit, 0 errors, 1 left on base; Kansas City 2 - New Orleans 5
BOTTOM OF THE 6TH
New Orleans Looters batting - Pitching for Kansas City Kings : RHP Luis Vargas
Pitching: RHP Raymond Gregg
Batting: LHB Eduardo Rodríguez 0-0: Ball
1-0: Called Strike
1-1: Foul Ball, location: 2F
1-2: Strikes out swinging
Batting: RHB Dave O'Loan 0-0: Ground out 4-3 (Groundball, 4)
Batting: RHB Ramón Hernández 0-0: Ball
1-0: Swinging Strike
1-1: Ground out U3 (Groundball, 34)
Bottom of the 6th over - 0 runs, 0 hits, 0 errors, 0 left on base; Kansas City 2 - New Orleans 5
TOP OF THE 7TH
Kansas City Kings batting - Pitching for New Orleans Looters : RHP Edward Baker
Batting: RHB Gregg Nelson 0-0: Ball
1-0: Foul Ball, location: 2F
1-1: Foul Ball, location: 2F
1-2: Fly out, F8 (Line Drive, 8LXD)
Batting: LHB Jesús Bueno 0-0: Ball
1-0: Foul Ball, location: 2F
1-1: Foul Ball, location: 2F
1-2: SINGLE (Line Drive, 8LS)
Batting: SHB Douglas Taylor 0-0: Foul Ball, location: 2F
0-1: Ball
1-1: Ball
2-1: Foul Ball, location: 2F
2-2: Foul Ball, location: 2F
2-2: Foul Ball, location: 2F
2-2: Foul Ball, location: 2F
2-2: SINGLE (Groundball, 25) (infield hit)
Jesús Bueno to second
Batting: RHB Dave Parker 0-0: Called Strike
0-1: Ball
1-1: Swinging Strike
1-2: Strikes out looking
Pitching: LHP Tadao Yoshida
Batting: RHB Chris Chandler 0-0: Foul Ball, location: 2F
0-1: Fly out, F6 (Line Drive, 6M)
Top of the 7th over - 0 runs, 2 hits, 0 errors, 2 left on base; Kansas City 2 - New Orleans 5
BOTTOM OF THE 7TH
New Orleans Looters batting - Pitching for Kansas City Kings : RHP Raymond Gregg
Batting: RHB Dan Banks 0-0: Called Strike
0-1: Ball
1-1: Foul Ball, location: 2F
1-2: Strikes out swinging
Batting: RHB Run-ming Zhu 0-0: Called Strike
0-1: SINGLE (Line Drive, 4D)
Pitching: LHP Manuel Parra
Batting: LHB Miguel Colón 0-0: Ball
1-0: Called Strike
1-1: Fly out, F5 (Popup, 56S)
Pitching: LHP Rob Lucas
Batting: RHB Rubén Vázquez 0-0: Ball
1-0: Called Strike
1-1: Foul Ball, location: 2F
1-2: Ground out 4-3 (Groundball, 34)
Bottom of the 7th over - 0 runs, 1 hit, 0 errors, 1 left on base; Kansas City 2 - New Orleans 5
TOP OF THE 8TH
Kansas City Kings batting - Pitching for New Orleans Looters : LHP Tadao Yoshida
Batting: LHB Ron Crawford 0-0: Ball
1-0: Called Strike
1-1: Ball
2-1: Fly out, F9 (Flyball, 9S)
Batting: LHB Luis González 0-0: Foul Ball, location: 2F
0-1: Swinging Strike
0-2: Strikes out looking
Batting: RHB John Anderson 0-0: Ball
1-0: Ball
2-0: Swinging Strike
2-1: Foul Ball, location: 2F
2-2: Ball
3-2: Foul Ball, location: 2F
3-2: Foul Ball, location: 2F
3-2: Foul Ball, location: 2F
3-2: Fly out, F7 (Flyball, 7)
Top of the 8th over - 0 runs, 0 hits, 0 errors, 0 left on base; Kansas City 2 - New Orleans 5
BOTTOM OF THE 8TH
New Orleans Looters batting - Pitching for Kansas City Kings : LHP Rob Lucas
Batting: SHB Arturo Sánchez 0-0: Ball
1-0: SINGLE (Groundball, 4) (infield hit)
Batting: LHB Taylor Smith 0-0: Ball
1-0: Grounds into double play, 6-4-3 (Groundball, 6)
Batting: LHB Eduardo Rodríguez 0-0: Called Strike
0-1: Ground out 6-3 (Groundball, 56)
Bottom of the 8th over - 0 runs, 1 hit, 0 errors, 0 left on base; Kansas City 2 - New Orleans 5
TOP OF THE 9TH
Kansas City Kings batting - Pitching for New Orleans Looters : LHP Tadao Yoshida
Pitching: LHP Juan Méndez
Batting: RHB Eric Fuller 0-0: Ball
1-0: Ball
2-0: Called Strike
2-1: Foul Ball, location: 2F
2-2: Strikes out looking
Batting: RHB Gregg Nelson 0-0: Ball
1-0: Ground out U3 (Groundball, 34S)
Batting: LHB Jesús Bueno 0-0: Swinging Strike
0-1: Foul Ball, location: 2F
0-2: Ball
1-2: Strikes out looking
Top of the 9th over - 0 runs, 0 hits, 0 errors, 0 left on base; Kansas City 2 - New Orleans 5
Saturday, April 7th, 2018 - OOTP Baseball 18.8 Build 76